 Dungeon Crawl Stone Soup version 0.30.1-11-g7821555f0a (webtiles) character file.

Game seed: 5862978095205953505

114 CareLess the Covered (level 4, -12/41 HPs)
             Began as a Minotaur Fighter on Nov 26, 2023.
             Killed by divine providence
             ... invoked by an orc priest
              (14 damage)
             ... on level 3 of the Dungeon.
             The game lasted 00:06:23 (1355 turns).

CareLess the Covered (Minotaur Fighter)             Turns: 1355, Time: 00:06:23

Health: -12/41     AC: 16    Str: 22    XL:     4   Next: 66%
Magic:  3/3        EV:  6    Int:  5    God:
Gold:   158        SH:  0    Dex: 10    Spells: 3/3 levels left

rFire   . . .        a - +0 war axe
rCold   . . .        c - +0 buckler
rNeg    . . .        q - +0 plate armour
rPois   .            (helmet restricted)
rElec   .            (no cloak)
rCorr   +            (no gloves)
SInv    .            (no boots)
Will    .....        (no amulet) Stlth
                     n - ring of resist corrosion
HPRegen 0.26/turn    p - +4 ring of protection
MPRegen 0.08/turn

%: no passive effects
@: confused, mighty
A: horns 2, retaliatory headbutt
a: no special abilities


You were on level 3 of the Dungeon.
You visited 1 branch of the dungeon, and saw 3 of its levels.

You collected 158 gold pieces.

Inventory:

Hand Weapons
 a - a +0 war axe (weapon)
Missiles
 e - 21 stones (quivered)
 h - 6 poisoned darts
Armour
 b - a +0 scale mail
 c - a +0 buckler (worn)
 q - a +0 plate armour (worn)
Jewellery
 n - a ring of resist corrosion (left hand)
 p - a +4 ring of protection (right hand)
Scrolls
 f - 3 scrolls of identify {unknown}
 g - a scroll of fog {unknown}
 i - a scroll of immolation {unknown}
 k - a scroll of teleportation {unknown}
 m - a scroll of enchant weapon {unknown}
 r - a scroll of vulnerability {unknown}
 s - a scroll of blinking {unknown}
 u - a scroll of fear {unknown}
 v - a scroll of enchant armour {unknown}
Potions
 j - 3 potions of curing {unknown}
 l - 3 potions of heal wounds {unknown}
 o - a potion of lignification {unknown}
 t - a potion of berserk rage {unknown}


   Skills:
 + Level 4.4 Fighting
 + Level 3.6 Axes
 + Level 4.5 Armour
 + Level 4.5 Shields


You had 3 spell levels left.
You didn't know any spells.
Your spell library contained the following spells:

 Spells                   Type           Power      Damage    Failure   Level
 Poisonous Vapours        Pois/Air       0%         N/A       100%        2
 Mephitic Cloud           Conj/Pois/Air  0%         N/A       100%        3
 Freezing Cloud           Conj/Ice/Air   0%         6-21      100%        5


Dungeon Overview and Level Annotations

Branches:
Dungeon (3/15)

Altars:
Yredelemnul


Innate Abilities, Weirdness & Mutations

You have a pair of horns on your head.
You reflexively headbutt those who attack you in melee.


Message History

The orc priest calls down the wrath of Beogh upon you.
Beogh smites you!
The orc wizard gestures at you while chanting.
The magic dart hits you but does no damage.
You hit the orc wizard. Your headbutt misses the orc wizard.
The orc wizard is severely wounded.
You hit the orc.
You kill the orc!
The orc wizard hits you but does no damage.
You hit the orc wizard but do no damage.
Your headbutt misses the orc wizard.
The orc wizard is severely wounded.
Found a hand axe.
The orc wizard casts a spell at you.
The puff of flame hits you but does no damage.
The orc wizard attacks as you move away!
The orc wizard barely misses you.
Found a stone staircase leading down.
The orc wizard points at you and mumbles some strange words.
You are confused.
The orc hits you but does no damage.
The orc wizard casts a spell.
The orc wizard flickers and vanishes!
Deactivating autopickup; reactivate with Ctrl-A.
The orc priest invokes the aid of Beogh against you.
Pain shoots through your body!
You slash the orc priest! Your headbutt misses the orc priest.
The orc priest is almost dead.
You hit the orc. The orc hits you with a +0 club.
The orc priest calls down the wrath of Beogh upon you.
Pain shoots through your body!
* * * LOW HITPOINT WARNING * * *
Something hits you.
* * * LOW HITPOINT WARNING * * *
The orc priest calls upon Beogh to heal the orc.
The orc's wounds heal themselves!
The orc barely misses you.
You feel very mighty all of a sudden. The orc closely misses you.
Something hits you but does no damage.
The orc priest calls down the wrath of Beogh upon you.
Beogh smites you!
You die...

#..._. #..P.P ##
###########.... ...
#.........#..## ..##
#.............#+#....
#...!................
#...................>
#......<....)@o......
#.............o...###
............†........
.###.#...!...........
#.#.##.###.....!.. #
#. ### #........ #.
#........ #.
......... .).......


You could see an orc priest and an orc.

Vanquished Creatures
  Robin (D:2)
  3 adders (D:2)
  A worm (D:2)
  3 dart slugs (D:1)
  An orc (D:3)
  5 bats
  3 endoplasms
  5 giant cockroaches
  12 goblins
  6 hobgoblins
  2 jackals (D:2)
  A quokka (D:2)
  6 ball pythons
  4 frilled lizards (D:2)
  4 kobolds
  4 rats
61 creatures vanquished.

Notes
Turn   | Place    | Note
-------+----------+-------------------------------------------
     0 | D:1      | CareLess the Minotaur Fighter began the quest for the Orb.
     0 | D:1      | Reached XP level 1. HP: 19/19 MP: 0/0
   135 | D:1      | Reached XP level 2. HP: 27/27 MP: 1/1
   407 | D:1      | Reached XP level 3. HP: 31/33 MP: 2/2
   819 | D:2      | Reached XP level 4. HP: 24/40 MP: 3/3
  1061 | D:2      | Noticed Robin
  1087 | D:2      | Killed Robin
  1338 | D:3      | Found a basalt altar of Yredelemnul.
  1354 | D:3      | HP: 2/41 [something (3)]
  1355 | D:3      | Killed from afar by an orc priest

Illustrated notes

Levels and vault maps discovered:
D:1:      eino_arrival_water_cross, layout_rooms,
          nicolae_concentric_dashed_squares_mild
D:2:      layout_rooms, uniq_robin
D:3:      layout_basic, yredelemnul_altar_generic, basic_ecumenical_altar,
          dreamdust_princess_corridor

Skill      XL: |  1  2 |
---------------+-------+-----
Armour         | 4 |  4.5
Shields        | 4 |  4.5
Fighting       | 4 |  4.4
Axes           | 3 |  3.6

Action                     |  1- 3 |  4- 6 || total
---------------------------+-------+-------++-------
  Melee: War axe           |   109 |    38 ||   147
         Headbutt          |    11 |     2 ||    13
    Use: Potion            |       |     1 ||     1
 Armour: Scale mail        |    87 |     3 ||    90
         Plate armour      |       |    42 ||    42
  Dodge: Dodged            |    76 |    30 ||   106
  Block: Buckler           |    29 |    12 ||    41
